 Dungeon Crawl Stone Soup version 0.21.1-1-g345015f (webtiles) character file.

421538 Dfrag the Eclecticist (level 22, -26/196 HPs)
             Began as a Deep Dwarf Necromancer on Feb 18, 2018.
             Was the Champion of Makhleb.
             Killed from afar by a frost giant (41 damage)
             ... with a bolt of cold
             ... on level 4 of the Depths on Feb 19, 2018.
             The game lasted 02:10:17 (35482 turns).

Dfrag the Eclecticist (Deep Dwarf Necromancer)     Turns: 35482, Time: 02:10:19

Health: -26/196    AC: 32    Str: 14    XL:     22   Next: 94%
Magic:  39/39      EV:  6    Int: 37    God:    Makhleb [******]
Gold:   3668       SH:  0    Dex: 15    Spells: 21/59 levels left

rFire    + + +     SeeInvis +   X - +3 executioner's axe (elec)
rCold    . . .     Gourm    .   (shield currently unavailable)
rNeg     + + +     Faith    .   V - +5 plate armour of Levity {rPois rF++ Int+4}
rPois    +         Spirit   .   K - +2 helmet {Int+3}
rElec    .         Reflect  .   y - +2 cloak {+Inv}
rCorr    .         Harm     .   F - +0 pair of gloves
MR       +++..                  A - +0 pair of boots of Death Resistance {rF+ rN++ Stlth+}
Stlth    ..........             q - amulet of magic regeneration
HPRegen  0.00/turn              O - +4 ring of intelligence
MPRegen  0.51/turn              T - ring "Featwo" {rF+ Dex+2 SInv Stlth+}

@: about to teleport, non-regenerating
A: damage resistance, heal wounds, blink, low mp 1, negative energy resistance
1, sense surroundings 3, strong 1, MP-powered wands, no regeneration
}: 1/15 runes: serpentine
a: Heal Wounds, Blink, Minor Destruction, Lesser Servant of Makhleb, Major
Destruction, Greater Servant of Makhleb, Renounce Religion, Evoke Invisibility


You were on level 4 of the Depths.
You worshipped Makhleb.
Makhleb was exalted by your worship.
You were hungry.

You visited 8 branches of the dungeon, and saw 39 of its levels.
You also visited: Labyrinth, Ossuary, Ice Cave and Desolation.

You collected 5204 gold pieces.
You spent 1536 gold pieces at shops.

Inventory:

Hand Weapons
 I - a +5 war axe of flaming
 X - a +3 executioner's axe of electrocution (weapon)
Armour
 g - a +4 scale mail of fire resistance
 y - a +2 cloak of invisibility (worn)
 A - the +0 pair of boots of Death Resistance (worn) {rF+ rN++ Stlth+}
   (You acquired it on level 2 of the Vaults)

   It protects you from fire.
   It greatly protects you from negative energy.
   It makes you more stealthy.
 F - a +0 pair of gloves (worn)
 J - a +3 shield of fire resistance
 K - a +2 helmet of intelligence (worn)
 N - the +5 ring mail of Servitude {Int+3}
   (You found it on level 3 of the Depths)

   It affects your intelligence (+3).
 V - the +5 plate armour of Levity (worn) {rPois rF++ Int+4}
   (You bought it in a shop on level 2 of the Orcish Mines)

   It affects your intelligence (+4).
   It greatly protects you from fire.
   It protects you from poison.
 W - a +2 shield of poison resistance
Magical Staves
 a - an uncursed staff of fire
Jewellery
 q - an amulet of magic regeneration (around neck)
 B - the ring of Shadows {Umbra +Inv Stlth+}
   (You found it on level 3 of the Elven Halls)

   [ring of stealth]

   It lets you turn invisible.
   It makes you more stealthy.
 M - the amulet of Vehumet's Pride {RegenMP rF++ rN+ Str-3 Dex+3}
   (You took it off a deep elf mage on level 3 of the Elven Halls)

   [amulet of magic regeneration]

   It increases your magic regeneration.
   It affects your strength (-3).
   It affects your dexterity (+3).
   It greatly protects you from fire.
   It protects you from negative energy.
 O - a +4 ring of intelligence (left hand)
 T - the ring "Featwo" (right hand) {rF+ Dex+2 SInv Stlth+}
   (You found it in the Desolation of Salt)

   [ring of stealth]

   It affects your dexterity (+2).
   It protects you from fire.
   It lets you see invisible.
   It makes you more stealthy.
Wands
 n - a wand of acid (15)
 C - a wand of digging (59)
 Z - a wand of scattershot (5)
Scrolls
 j - 4 scrolls of amnesia
 l - 2 scrolls of blinking
 o - 2 scrolls of magic mapping
 t - 15 scrolls of remove curse
 v - 2 scrolls of fear
 x - 13 scrolls of teleportation
 z - a scroll of identify
 E - 7 scrolls of fog
 S - a scroll of silence
 Y - a scroll of holy word
Potions
 b - 2 potions of heal wounds
 d - 14 potions of curing
 e - 4 potions of cancellation
 f - 5 potions of berserk rage
 h - 10 potions of flight
 m - 10 potions of brilliance
 p - 7 potions of lignification
 r - a potion of mutation
 s - 5 potions of magic
 u - a potion of experience
 w - 2 potions of resistance
 G - 2 potions of haste
 H - 3 potions of invisibility
 Q - a potion of ambrosia
 R - 6 potions of might
Books
 k - a book of the Tempests

   Spells                             Type                      Level
   a - Static Discharge               Conjuration/Air              3
   b - Lightning Bolt                 Conjuration/Air              5
   c - Ignition                       Fire                         8
   d - Tornado                        Air                          9
   e - Shatter                        Earth                        9
 L - a book of Annihilations

   Spells                             Type                      Level
   a - Poison Arrow                   Conjuration/Poison           6
   b - Chain Lightning                Conjuration/Air              8
   c - Lehudib's Crystal Spear        Conjuration/Earth            8
   d - Glaciate                       Conjuration/Ice              9
   e - Fire Storm                     Conjuration/Fire             9
 P - a book of Fire

   Spells                             Type                      Level
   a - Ignite Poison                  Fire/Transmutation/Poison    3
   b - Fireball                       Conjuration/Fire             5
   c - Bolt of Fire                   Conjuration/Fire             6
   d - Ring of Flames                 Charms/Fire                  7
   e - Ignition                       Fire                         8
Miscellaneous
 U - a lightning rod (4/4)
Comestibles
 c - 63 rations


   Skills:
 - Level 11.6 Fighting
 - Level 0.3 Axes
 - Level 15.2 Armour
 - Level 2.1 Dodging
 - Level 2.4 Stealth
 - Level 15.0 Shields
 - Level 19.1 Spellcasting
 - Level 17.1 Conjurations
 - Level 15.0 Necromancy
 + Level 6.2 Fire Magic
 + Level 15.3 Earth Magic


You had 21 spell levels left.
You knew the following spells:

 Your Spells              Type           Power        Failure   Level  Hunger
a - Pain                  Necr           ####         1%          1    None
b - Vampiric Draining     Necr           #######...   1%          3    None
c - Borgnjor's Vile Clut  Necr/Erth      #######...   1%          5    None
d - Fireball              Conj/Fire      #######...   4%          5    None
e - Dispel Undead         Necr           #######.     1%          5    None
f - Shatter               Erth           #######...   100%        9    #####..
g - Sublimation of Blood  Necr           #######...   1%          2    None
h - Lehudib's Crystal Sp  Conj/Erth      ########..   87%         8    ####...


Dungeon Overview and Level Annotations

Branches:
Dungeon (15/15)            Temple (1/1) D:7            Lair (6/6) D:9
  Swamp (0/4) Lair:4        Snake (4/4) Lair:3        Slime (0/5) Lair:5
    Orc (2/2) D:9             Elf (3/3) Orc:2        Vaults (4/5) D:13
  Crypt (0/3) Vaults:2     Depths (4/5) D:15

Altars:
Ashenzari
Dithmenos
Fedhas
Hepliaklqana
Makhleb
Nemelex Xobeh
Okawaru
Qazlal
Sif Muna
Trog
Vehumet
Xom
Yredelemnul
The Shining One
Beogh
Jiyva

Shops:
D:4 }   D:15 [   Orc:2 ([*==   Elf:3 =}=   Snake:4 }(%%   Vaults:2 (
Vaults:4 %   Depths:2 !

Portals:
Hell: Lair:6 Depths:1 Depths:2 Depths:3
Pandemonium: Depths:3


Innate Abilities, Weirdness & Mutations

You are resistant to damage.
You can heal yourself by infusing magical energy.
You resist negative energy. (rN+)
You passively map a large area around you.
You do not regenerate.
You can translocate small distances at will.
Your magical capacity is low. (-10% MP)
Your muscles are strong. (Str +2)
You expend magic power (3 MP) to strengthen your wands.


Message History

The stone giant throws a large rock.
The large rock hits you!
* * * LOW HITPOINT WARNING * * *
You see here a large rock.
The stone giant throws a large rock.
The large rock hits you but does no damage.
You see here a large rock.
The fire giant shouts!
You hear a shout! x2
A vortex of raging winds appears around the air elemental!
The fire giant casts a spell at you.
The fireball explodes!
The fireball engulfs you! You resist.
* * * LOW HITPOINT WARNING * * *
You hear a shout! x2
As you read the scroll of teleportation, it crumbles to dust.
You feel strangely unstable.
The fire giant gestures at you while chanting.
The fireball explodes!
The fireball engulfs you! You resist.
* * * LOW HITPOINT WARNING * * *
The frost giant points at you and mumbles some strange words.
The bolt of cold hits you!
You die...

########+##### .# *
, .............# .#
, , , *
$.......C....#*C# ,
,, ,.............#
.# +* , *
.............##C# ,
# ...[.........C..#
, , ,#C
.........###(#### ,
.#.#############C#
,,.....§.......@...#
* .##..§§§§§§..#####
* ,
.<...§§§§§E.......,
* * , , ,
.....§§§.§§§......
..#..§§§§§§..####* *
, , #..§§§§C§..# .*
*, * #..§.....[.#
.## , #..........#
..# * , #......)...#
###.## ,


You could see a frost giant, a fire giant and an air elemental.

Vanquished Creatures
  Mara (Depths:2)
  A juggernaut (Depths:3)
  Boris (Vaults:4)
  A caustic shrike (Depths:3)
  Saint Roka (Snake:2)
  A golden dragon (Depths:3)
  A bone dragon (Vaults:2)
  3 liches
  2 tentacled monstrosities
  2 deep elf master archers (Elf:3)
  A deep elf blademaster (Elf:3)
  Frances (Snake:1)
  Gastronok (D:11)
  Agnes (Snake:2)
  A sphinx (Vaults:3)
  3 storm dragons
  11 nagarajas
  4 tengu reavers
  3 deep elf sorcerers (Elf:3)
  10 vault wardens
  5 fire giants
  An orc warlord (Orc:2)
  Aizul (Snake:1)
  An imperial myrmidon (Desolation)
  3 frost giants
  14 ironheart preservers
  5 deep elf elementalists (Elf:3)
  16 stone giants
  2 entropy weavers
  4 deep elf demonologists (Elf:3)
  12 very ugly things
  8 deep elf annihilators (Elf:3)
  2 halazid warlocks (Desolation)
  A vampire knight (Depths:1)
  6 spark wasps (Depths:3)
  4 ettins
  4 deep elf death magi
  A minotaur (Lab)
  4 crystal guardians (Desolation)
  6 fire dragons
  5 ragged hierophants
  Erolcha (D:11)
  5 servants of whispers (Desolation)
  4 yaktaur captains
  A hell beast (Depths:3)
  3 deep elf high priests (Elf:3)
  17 naga warriors
  13 hydras
  5 great orbs of eyes
  8 centaur warriors
  4 peacekeepers (Desolation)
  3 rakshasas
  11 ice dragons
  7 vault guards
  35 two-headed ogres
  An anaconda (shapeshifter) (Depths:3)
  2 spriggan air magi
  9 anacondas
  3 death knights
  A catoblepas (D:13)
  28 dancing weapons
  6 tengu warriors
  7 deep troll earth magi
  10 deep troll shamans
  12 ogre magi
  A two-headed ogre (shapeshifter) (Depths:3)
  9 shock serpents
  12 naga sharpshooters
  4 orc high priests (Orc:2)
  A vampire mage (Depths:3)
  2 shadow wraiths
  20 deep elf knights
  A fire crab (Lair:5)
  Nergalle (D:10)
  13 skeletal warriors
  A sun demon (Lair:6)
  A shock serpent (shapeshifter) (Depths:3)
  7 salamander mystics
  A storm dragon skeleton (Vaults:4)
  2 iron trolls (Depths:3)
  A golden dragon zombie (D:15)
  A sea snake (shapeshifter) (Depths:3)
  17 deep trolls
  A hell knight (Vaults:3)
  3 glowing orange brains
  An unseen horror (shapeshifter) (Depths:3)
  7 naga ritualists
  4 unseen horrors
  5 deep elf archers
  5 wizards
  A harpy (shapeshifter) (Vaults:4)
  A tengu zombie (D:15)
  18 ironbrand convokers
  3 phantasmal warriors
  14 orc knights
  52 deep elf magi
  A wolf spider zombie (D:15)
  4 wolf spiders
  2 frost giant zombies (D:15)
  4 oklob plants (Lair:5)
  An orb spider (shapeshifter) (Vaults:1)
  14 salamanders
  5 cyclopes
  8 mana vipers
  5 necromancers
  A fire giant zombie (Depths:2)
  10 orc sorcerers
  A sphinx skeleton (Depths:2)
  A stone giant zombie (Depths:2)
  28 ugly things
  4 large abominations (Elf:1)
  3 rust devils (Depths:3)
  2 manticores
  15 elephants (Lair:6)
  Maurice (D:11)
  A stone giant skeleton (Vaults:4)
  25 naga magi
  A moth of wrath (shapeshifter) (Depths:3)
  4 ice statues (IceCv)
  A frost giant skeleton (Depths:2)
  28 black mambas
  4 guardian serpents
  2 water nymphs (shapeshifter) (Depths:3)
  5 vault sentinels
  3 orange demons (Lair:6)
  A torpor snail (Lair:2)
  2 gargoyles
  12 spiny frogs
  A torpor snail (shapeshifter) (Depths:3)
  11 komodo dragons
  A komodo dragon (shapeshifter) (Vaults:2)
  5 centaur skeletons
  4 rime drakes
  9 ice devils
  7 freezing wraiths
  45 yaktaurs
  A hellwing (Lair:6)
  6 tengu conjurers
  A polar bear (shapeshifter) (Elf:3)
  2 human skeletons (Vaults:4)
  A meliai (shapeshifter) (D:15)
  A hornet (shapeshifter) (Vaults:1)
  8 trolls
  Prince Ribbit (D:6)
  3 hornets
  A queen bee (Orc:1)
  Grinder (D:4)
  26 slime creatures
  15 blink frogs
  A tengu simulacrum (Vaults:3)
  10 hippogriffs
  A minotaur skeleton (Lab)
  7 dream sheep
  42 saltlings
  3 air elementals
  A redback (shapeshifter) (D:13)
  3 redbacks
  2 shadows (Lab)
  2 vampires
  15 water elementals
  A tarantella (shapeshifter) (Depths:3)
  3 wraiths
  A human (shapeshifter) (Vaults:3)
  2 tarantellas (Vaults:2)
  5 basilisks
  2 wyverns (shapeshifter)
  A wyvern (D:8)
  45 yaks
  2 golden eyes (shapeshifter)
  2 fire elementals
  A steam dragon (D:11)
  A hog (shapeshifter) (Vaults:3)
  A human simulacrum (Vaults:1)
  2 hungry ghosts
  9 wargs
  9 vampire mosquitoes
  Menkaure (D:7)
  3 acid dragons
  55 nagas
  A tengu skeleton (Depths:2)
  4 hell hounds (Lair:6)
  12 water moccasins
  8 porcupines
  Duvessa (D:6)
  9 ice beasts
  48 orc warriors
  4 sky beasts
  A black bear (Lair:2)
  2 black bears (shapeshifter) (Depths:3)
  40 ogres
  3 phantoms
  20 wolves
  An ogre (shapeshifter) (Depths:2)
  An eye of draining (shapeshifter) (Vaults:1)
  8 boggarts
  A crocodile (shapeshifter) (Depths:3)
  27 centaurs
  2 elf zombies
  23 bullfrogs
  16 crocodiles
  2 big kobolds (shapeshifter)
  5 big kobolds
  Blork the orc (D:5)
  A gnoll sergeant (D:10)
  A wyvern skeleton (D:7)
  2 earth elementals
  Dowan (D:6)
  9 scorpions
  31 killer bees
  7 wights
  9 howler monkeys
  8 centaur zombies
  4 electric eels
  6 crimson imps
  A draconian simulacrum (IceCv)
  A bullfrog zombie (D:13)
  2 human zombies (Ossuary)
  9 hounds
  6 jellies
  20 orc priests
  5 bullfrog skeletons
  7 iguanas
  38 orc wizards
  2 spriggan simulacra (IceCv)
  10 worker ants
  2 troll simulacra (IceCv)
  2 big kobold zombies (Ossuary)
  A bullfrog simulacrum (D:12)
  A centaur simulacrum (IceCv)
  An ogre skeleton (Lab)
  A hound skeleton (D:9)
  3 mummies (Ossuary)
  A howler monkey zombie (D:5)
  7 gnolls
  13 adders
  3 naga simulacra (IceCv)
  An ogre simulacrum (IceCv)
  2 scorpion zombies (Ossuary)
  4 shadow imps
  4 oozes
  An adder zombie (D:5)
  An adder skeleton (D:4)
  A worm (D:4)
  2 dart slugs
  8 leopard geckos
  104 orcs
  5 giant cockroaches
  2 gnoll zombies (Ossuary)
  4 goblins
  5 hobgoblins
  11 jackals
  5 quokkas
  2 ball pythons
  8 bats
  7 frilled lizards
  A goblin zombie (Ossuary)
  A hobgoblin zombie (Ossuary)
  A jackal zombie (D:7)
  16 kobolds
  3 kobold zombies (Ossuary)
  5 orc zombies (Ossuary)
  2 quokka skeletons
  9 rats
  3 crawling corpses (Elf:3)
  9 fungi
  5 plants
  2 withered plants (D:15)
1832 creatures vanquished.

Vanquished Creatures (others)
  A fire dragon (Depths:4)
  A rakshasa (Depths:4)
  A yaktaur (Vaults:4)
  A saltling (Desolation)
  A jelly (D:15)
  An orc wizard (Orc:1)
  22 fungi
  3 plants
31 creatures vanquished.

Grand Total: 1863 creatures vanquished

Notes
Turn   | Place    | Note
-------+----------+-------------------------------------------
     0 | D:1      | Dfrag the Deep Dwarf Necromancer began the quest for the Orb.
     0 | D:1      | Reached XP level 1. HP: 15/15 MP: 3/3
   144 | D:1      | Reached skill level 2 in Spellcasting
   182 | D:1      | Reached XP level 2. HP: 13/22 MP: 0/5
   626 | D:2      | Reached XP level 3. HP: 26/28 MP: 0/7
   631 | D:2      | Learned a level 3 spell: Vampiric Draining
   746 | D:2      | Reached skill level 3 in Spellcasting
   900 | D:2      | Reached skill level 5 in Necromancy
   919 | D:2      | Reached XP level 4. HP: 30/36 MP: 3/8
  1379 | D:3      | Found a faded altar of an unknown god.
  1538 | D:3      | Reached XP level 5. HP: 26/42 MP: 6/10
  1589 | D:3      | Found a shimmering altar of Xom.
  1595 | D:3      | Reached skill level 4 in Spellcasting
  1726 | D:3      | Noticed a phantom
  1842 | D:4      | Found an iron altar of Okawaru.
  1905 | D:4      | Reached XP level 6. HP: 33/49 MP: 2/12
  2031 | D:4      | Found Ytal's Gadget Shoppe.
  2034 | D:4      | Noticed Grinder
  2052 | D:5      | Entered Level 5 of the Dungeon
  2101 | D:5      | Reached skill level 5 in Spellcasting
  2136 | D:5      | Noticed a sky beast
  2147 | D:5      | Killed a sky beast
  2176 | D:5      | Reached XP level 7. HP: 22/55 MP: 7/15
  2553 | D:4      | Killed Grinder
  2553 | D:4      | Reached skill level 6 in Spellcasting
  2702 | D:4      | Found a sparkling altar of Nemelex Xobeh.
  2792 | D:3      | Reached XP level 8. HP: 28/62 MP: 16/18
  3003 | D:5      | Reached skill level 7 in Spellcasting
  3686 | D:6      | Noticed Prince Ribbit
  3692 | D:6      | Killed Prince Ribbit
  3692 | D:6      | Reached skill level 8 in Spellcasting
  3702 | D:6      | Learned a level 5 spell: Borgnjor's Vile Clutch
  3717 | D:6      | Noticed Duvessa
  3720 | D:6      | Reached skill level 1 in Earth Magic
  3737 | D:6      | Noticed Blork the orc
  3744 | D:5      | HP: 3/62 [Blork the orc/puff of frost (9)]
  3774 | D:5      | Killed Blork the orc
  3774 | D:5      | Gained mutation: You passively map the area around you. [Deep Dwarf growth]
  3774 | D:5      | Reached XP level 9. HP: 43/68 MP: 5/20
  3817 | D:6      | Noticed Dowan
  3828 | D:6      | Killed Duvessa
  3833 | D:6      | Killed Dowan
  4289 | D:7      | Found a bloodstained altar of Trog.
  4307 | D:7      | Noticed Menkaure
  4312 | D:7      | Killed Menkaure
  4315 | D:7      | Found a staircase to the Ecumenical Temple.
  4347 | D:7      | Reached skill level 5 in Earth Magic
  4351 | D:7      | Reached skill level 10 in Necromancy
  4356 | Temple   | Entered the Ecumenical Temple
  4377 | Temple   | Became a worshipper of Makhleb the Destroyer
  4629 | D:7      | Got a distressingly furry helmet
  4635 | D:7      | Identified the cursed +0 helmet "Pinaf" {rF+ Str+3 Stlth-} (You found it on level 7 of the Dungeon)
  4784 | D:7      | Reached XP level 10. HP: 20/75 MP: 21/21
  5076 | D:8      | Noticed a two-headed ogre
  5082 | D:8      | Killed a two-headed ogre
  5192 | D:8      | Reached * piety under Makhleb
  5251 | D:8      | Found a sand-covered staircase.
  5256 | Ossuary  | Entered an ossuary
  5482 | Ossuary  | Reached ** piety under Makhleb
  5671 | D:8      | Found a shadowy altar of Dithmenos.
  5672 | D:8      | Found a glowing golden altar of the Shining One.
  5674 | D:8      | Found a blossoming altar of Fedhas.
  5674 | D:8      | Found a radiant altar of Vehumet.
  5679 | D:8      | Reached skill level 10 in Earth Magic
  6058 | D:9      | Found a staircase to the Lair.
  6207 | D:9      | Found a staircase to the Orcish Mines.
  6490 | D:10     | Entered Level 10 of the Dungeon
  6553 | D:10     | Reached XP level 11. HP: 78/81 MP: 22/22
  6580 | D:10     | Noticed a two-headed ogre
  6585 | D:10     | Killed a two-headed ogre
  6594 | D:10     | Reached *** piety under Makhleb
  6664 | D:10     | Noticed Nergalle
  6671 | D:10     | Killed Nergalle
  7025 | D:10     | Noticed a two-headed hydra
  7032 | D:10     | Killed a two-headed hydra
  7375 | D:11     | Noticed Maurice
  7376 | D:11     | Found a shadowy altar of Dithmenos.
  7380 | D:11     | Killed Maurice
  7380 | D:11     | Reached **** piety under Makhleb
  7484 | D:11     | Noticed Erolcha
  7487 | D:11     | Killed Erolcha
  7611 | D:11     | Noticed a two-headed ogre
  7616 | D:11     | Killed a two-headed ogre
  7776 | D:11     | Noticed Gastronok
  7792 | D:11     | Killed Gastronok
  7792 | D:11     | Reached XP level 12. HP: 88/88 MP: 20/23
  7891 | D:11     | Noticed a centaur warrior
  8817 | Lair:1   | Entered Level 1 of the Lair of Beasts
  8855 | Lair:1   | Reached skill level 15 in Earth Magic
  8923 | Lair:1   | Reached skill level 15 in Necromancy
  9002 | Lair:1   | Noticed a six-headed hydra
  9011 | Lair:1   | Killed a six-headed hydra
  9011 | Lair:1   | Reached skill level 1 in Fighting
  9755 | Lair:2   | Reached ***** piety under Makhleb
  9781 | Lair:2   | Reached skill level 9 in Spellcasting
 10463 | Lair:3   | Reached skill level 5 in Fighting
 10512 | Lair:3   | Found a staircase to the Snake Pit.
 10697 | Lair:3   | Reached XP level 13. HP: 109/109 MP: 25/25
 10853 | Lair:3   | Found a bloodstained altar of Trog.
 11287 | Lair:4   | Reached skill level 10 in Spellcasting
 11532 | Lair:4   | Found a staircase to the Swamp.
 12226 | Lair:5   | Found a frozen archway.
 12278 | IceCv    | Entered an ice cave
 12540 | IceCv    | Reached ****** piety under Makhleb
 12617 | IceCv    | Identified a scroll of acquirement
 12690 | IceCv    | Reached skill level 11 in Spellcasting
 13181 | Lair:5   | Found a staircase to the Slime Pits.
 13467 | Lair:6   | Entered Level 6 of the Lair of Beasts
 13521 | Lair:6   | Gained mutation: You resist negative energy. (rN+) [Deep Dwarf growth]
 13521 | Lair:6   | Reached XP level 14. HP: 100/129 MP: 16/28
 13592 | Lair:6   | Found a labyrinth entrance.
 13626 | Lab      | Entered a labyrinth
 14543 | Lab      | Reached skill level 1 in Shields
 14577 | Lab      | Got a distressingly furry plate armour
 14611 | Lab      | Got a polished quarterstaff
 14612 | Lab      | Identified the cursed +3 quarterstaff of Theory {freeze, rElec rPois rF-} (You found it in a labyrinth)
 14867 | Lair:6   | Reached skill level 12 in Spellcasting
 14867 | Lair:6   | Reached skill level 10 in Fighting
 15188 | Lair:6   | Reached skill level 5 in Shields
 15352 | Lair:6   | Found a burning altar of Makhleb.
 15386 | Lair:6   | Found a gateway to Hell.
 15399 | Lair:6   | Got a translucent ring mail
 15430 | Lair:6   | Identified the +1 plate armour "Dofet" {rElec Str+6 Dex-5} (You took it off a minotaur in a labyrinth)
 15681 | Orc:1    | Entered Level 1 of the Orcish Mines
 15908 | Orc:1    | Found a radiant altar of Vehumet.
 16312 | Orc:1    | Identified the +1 ring mail "Zadirun" {Dex+3} (You found it on level 6 of the Lair of Beasts)
 16328 | Orc:2    | Entered Level 2 of the Orcish Mines
 16333 | Orc:2    | Found a staircase to the Elven Halls.
 16517 | Orc:2    | Found Ittampoo's Jewellery Boutique.
 16642 | Orc:2    | Found a roughly hewn altar of Beogh.
 16697 | Orc:2    | Noticed an orc warlord
 16704 | Orc:2    | Reached XP level 15. HP: 123/142 MP: 15/30
 16715 | Orc:2    | Killed an orc warlord
 16959 | Orc:2    | Found Elleidieggi's General Store.
 16960 | Orc:2    | Found Sicex's Jewellery Shop.
 16961 | Orc:2    | Found Inaiw's Antique Armour Boutique.
 16961 | Orc:2    | Found Peireunu's Antique Weapon Boutique.
 16965 | Orc:2    | Bought a faintly humming chain mail for 228 gold pieces
 16985 | Orc:2    | Bought a faintly glowing plate armour for 672 gold pieces
 17028 | Orc:2    | Bought the ring "Puen" {rPois SInv Stlth+} for 476 gold pieces
 17042 | Orc:2    | Identified the +5 plate armour of Levity {rPois rF++ Int+4} (You bought it in a shop on level 2 of the Orcish Mines)
 17052 | Orc:2    | Identified the +3 chain mail "Yckiumn" {+Inv rF+ Str-5 Int+3} (You bought it in a shop on level 2 of the Orcish Mines)
 17648 | D:13     | Reached skill level 1 in Armour
 18119 | D:13     | Found a sparkling altar of Nemelex Xobeh.
 18411 | D:13     | Found a gate to the Vaults.
 18641 | D:14     | Reached skill level 10 in Shields
 18646 | D:14     | Reached skill level 5 in Armour
 19241 | Snake:1  | Entered Level 1 of the Snake Pit
 19247 | Snake:1  | Noticed Aizul
 19255 | Snake:1  | Killed Aizul
 19434 | Snake:1  | Noticed Frances
 19451 | Snake:1  | Killed Frances
 20116 | Snake:2  | Noticed Saint Roka
 20124 | Snake:2  | Reached XP level 16. HP: 149/151 MP: 7/31
 20129 | Snake:2  | Killed Saint Roka
 20247 | Snake:2  | Noticed Agnes
 20255 | Snake:2  | Killed Agnes
 20662 | Snake:3  | Reached skill level 10 in Armour
 21217 | Snake:4  | Entered Level 4 of the Snake Pit
 21251 | Snake:4  | Reached XP level 17. HP: 153/158 MP: 1/32
 21395 | Snake:4  | Reached skill level 15 in Shields
 21449 | Snake:4  | Found Retij's Food Shop.
 21597 | Snake:4  | Found Keowebumo's Gadget Emporium.
 21776 | Snake:4  | Found Ocwupt's Food Emporium.
 22000 | Snake:4  | Got a serpentine rune of Zot
 22112 | Snake:4  | Found Edigu's Weapon Emporium.
 22592 | D:15     | Entered Level 15 of the Dungeon
 22635 | D:15     | Found a viscous altar of Jiyva.
 22683 | D:15     | Reached skill level 13 in Spellcasting
 22860 | D:15     | Found a staircase to the Depths.
 23135 | D:15     | Found Miarr's Antique Armour Shoppe.
 23259 | D:15     | Learned a level 5 spell: Fireball
 23462 | Elf:1    | Entered Level 1 of the Elven Halls
 23587 | Elf:1    | Reached skill level 1 in Conjurations
 23646 | Elf:1    | Gained mutation: You passively map a large area around you. [Deep Dwarf growth]
 23646 | Elf:1    | Reached XP level 18. HP: 165/165 MP: 29/34
 24035 | Elf:1    | Identified the Volume of Evil Arts
 24045 | Elf:1    | Learned a level 5 spell: Dispel Undead
 24463 | Elf:2    | Found a ruined gateway.
 24479 | Elf:2    | Reached skill level 15 in Armour
 24579 | Desolati | Entered the Desolation of Salt
 24653 | Desolati | HP: 4/247 [crystal guardian/crystal bolt (18)]
 24891 | Desolati | Identified the Incunabulum of Conjuration and Execration
 25042 | Desolati | Got a twisted scimitar
 25084 | Desolati | Got a crude steel ring
 25086 | Desolati | Identified the ring "Featwo" {rF+ Dex+2 SInv Stlth+} (You found it in the Desolation of Salt)
 25092 | Desolati | Got a slimy scale mail
 25104 | Desolati | Identified the +4 scimitar "Uphoir" {slice, Fragile Str+6 Int-5} (You found it in the Desolation of Salt)
 25117 | Desolati | Identified the +0 scale mail "Femyluc" {-Cast Int+9 SInv} (You found it in the Desolation of Salt)
 25240 | Desolati | Reached skill level 5 in Conjurations
 25263 | Desolati | Reached skill level 14 in Spellcasting
 25290 | Desolati | Got an ancient ruby amulet
 25304 | Desolati | Identified the Compendium of Displaced Weightlessness
 25541 | Elf:2    | Found a runed gate.
 25541 | Elf:2    | Found a runed gate.
 25542 | Elf:2    | Found a runed gate.
 26202 | Elf:3    | Entered Level 3 of the Elven Halls
 26223 | Elf:3    | Reached XP level 19. HP: 172/172 MP: 11/36
 26413 | Elf:3    | Identified the amulet "Vobrato" {Harm *Drain rC- rN+ Str+4 Int+3} (You found it in the Desolation of Salt)
 26506 | Elf:3    | Reached skill level 15 in Spellcasting
 26743 | Elf:3    | Got a crude tin amulet
 26744 | Elf:3    | Identified the amulet "Uguuneam" {Harm *Drain MP+9} (You took it off a deep elf death mage on level 3 of the Elven Halls)
 26757 | Elf:3    | Got a bound pewter amulet
 27051 | Elf:3    | Reached skill level 10 in Conjurations
 27052 | Elf:3    | Found Nuroseich's Jewellery Boutique.
 27052 | Elf:3    | Found Vutao's Gadget Shoppe.
 27054 | Elf:3    | Found Cacymp's Jewellery Boutique.
 27400 | Elf:3    | Found the ring of Shadows {Umbra +Inv Stlth+}
 27420 | Elf:3    | Learned a level 9 spell: Shatter
 27453 | Elf:3    | Identified the Incunabulum of Augmentations and Attacks
 27487 | Elf:3    | Learned a level 2 spell: Sublimation of Blood
 27892 | Vaults:1 | Entered Level 1 of the Vaults
 28439 | Vaults:1 | Reached skill level 16 in Spellcasting
 28872 | Vaults:1 | Reached XP level 20. HP: 181/181 MP: 29/39
 28923 | Vaults:1 | Identified Sif Muna's Volume of the Frostbite
 29166 | Vaults:2 | Identified the amulet of Vehumet's Pride {RegenMP rF++ rN+ Str-3 Dex+3} (You took it off a deep elf mage on level 3 of the Elven Halls)
 29687 | Vaults:2 | Noticed a bone dragon
 29714 | Vaults:2 | Killed a bone dragon
 29740 | Vaults:2 | Got a pair of faintly glowing boots
 29751 | Vaults:2 | Identified the +0 pair of boots of Death Resistance {rF+ rN++ Stlth+} (You acquired it on level 2 of the Vaults)
 29896 | Vaults:2 | Gained mutation: Your spells are a little easier to cast, but a little less powerful. [potion of mutation]
 29896 | Vaults:2 | Gained mutation: Your mind is acute. (Int +2) [potion of mutation]
 29896 | Vaults:2 | Gained mutation: Your muscles are strong. (Str +2) [potion of mutation]
 29896 | Vaults:2 | Gained mutation: Your muscles are very strong. (Str +4) [potion of mutation]
 29897 | Vaults:2 | Lost mutation: Your muscles are very strong. (Str +4) [potion of mutation]
 29897 | Vaults:2 | Lost mutation: Your muscles are strong. (Str +2) [potion of mutation]
 29897 | Vaults:2 | Lost mutation: Your mind is acute. (Int +2) [potion of mutation]
 29897 | Vaults:2 | Gained mutation: Your muscles are strong. (Str +2) [potion of mutation]
 29897 | Vaults:2 | Gained mutation: You are robust. (+10% HP) [potion of mutation]
 29898 | Vaults:2 | Lost mutation: Your muscles are strong. (Str +2) [potion of mutation]
 29898 | Vaults:2 | Lost mutation: Your spells are a little easier to cast, but a little less powerful. [potion of mutation]
 29898 | Vaults:2 | Lost mutation: You are robust. (+10% HP) [potion of mutation]
 29898 | Vaults:2 | Gained mutation: You can translocate small distances at will. [potion of mutation]
 29898 | Vaults:2 | Gained mutation: Armour fits poorly on your strangely shaped body. [potion of mutation]
 29898 | Vaults:2 | Gained mutation: You are agile. (Dex +2) [potion of mutation]
 30216 | Vaults:2 | Found a staircase to the Crypt.
 30283 | Vaults:2 | Found Qudojymu's Antique Weapon Shop.
 30487 | Vaults:3 | Reached skill level 17 in Spellcasting
 31184 | Vaults:3 | Reached XP level 21. HP: 188/188 MP: 27/41
 31726 | Vaults:4 | Noticed Boris
 31774 | Vaults:4 | Found Ganousm's Food Emporium.
 32084 | Vaults:4 | Killed Boris
 32084 | Vaults:4 | Reached skill level 18 in Spellcasting
 32810 | Depths:1 | Entered Level 1 of the Depths
 32923 | Depths:1 | Reached skill level 15 in Conjurations
 33350 | Depths:2 | Noticed Mara
 33353 | Depths:2 | Noticed Dfrag's illusion
 33379 | Depths:2 | Killed Mara
 33517 | Depths:2 | Reached XP level 22. HP: 164/196 MP: 12/43
 33702 | Depths:2 | Found Hegooggehu's Distillery.
 33705 | Depths:2 | Bought a potion of mutation for 160 gold pieces
 33705 | Depths:2 | Lost mutation: You are agile. (Dex +2) [potion of mutation]
 33705 | Depths:2 | Lost mutation: Armour fits poorly on your strangely shaped body. [potion of mutation]
 33705 | Depths:2 | Gained mutation: Your magical capacity is low. (-10% MP) [potion of mutation]
 33705 | Depths:2 | Gained mutation: Your muscles are strong. (Str +2) [potion of mutation]
 33943 | Depths:2 | Found a glowing golden altar of the Shining One.
 34175 | Depths:3 | Found a one-way gate leading to the halls of Pandemonium.
 34239 | Depths:3 | Reached skill level 19 in Spellcasting
 34374 | Depths:3 | Found a shattered altar of Ashenzari.
 34545 | Depths:3 | Noticed a juggernaut
 34560 | Depths:3 | Killed a juggernaut
 34560 | Depths:3 | Reached skill level 1 in Fire Magic
 34668 | Depths:3 | Noticed a golden dragon
 34680 | Depths:3 | Killed a golden dragon
 34733 | Depths:3 | Gained mutation: You expend magic power (3 MP) to strengthen your wands. [a shining eye]
 35050 | Depths:3 | Reached skill level 5 in Fire Magic
 35054 | Depths:3 | Noticed a caustic shrike
 35060 | Depths:3 | Killed a caustic shrike
 35122 | Depths:3 | Got a pitted ring mail
 35123 | Depths:3 | Identified the +5 ring mail of Servitude {Int+3} (You found it on level 3 of the Depths)
 35163 | Depths:3 | Learned a level 8 spell: Lehudib's Crystal Spear
 35482 | Depths:4 | Killed from afar by a frost giant

Skill      XL: |  1  2  3  4  5  6  7  8  9 10 11 12 13 14 15 16 17 18 19 20 21 22 |
---------------+-------------------------------------------------------------------+-----
Spellcasting   | 2 3 4 5 6 8 9 11 12 13 14 16 17 18 19 | 19.1
Necromancy     | 5 6 7 8 10 12 14 15 | 15.0
Earth Magic    | 2 8 11 14 15 | 15.3
Fighting       | 5 9 11 | 11.6
Shields        | 7 11 14 15 | 15.0
Armour         | 8 12 14 15 | 15.2
Conjurations   | 1 7 11 13 15 17 | 17.1
Fire Magic     | 6 |  6.2
Axes           | |  0.3
Dodging        | |  2.1
Stealth        | |  2.4

Action                   |  1- 3 |  4- 6 |  7- 9 | 10-12 | 13-15 | 16-18 | 19-21 | 22-24 || total
-------------------------+-------+-------+-------+-------+-------+-------+-------+-------++-------
Melee: Unarmed           |    30 |       |       |       |       |       |       |       ||    30
       Hand axe          |    19 |    93 |    70 |       |       |       |       |       ||   182
       Dagger            |       |    46 |    43 |       |       |       |       |       ||    89
       Flail             |       |       |   138 |       |       |       |       |       ||   138
       War axe           |       |       |       |   244 |   370 |   433 |   566 |   156 ||  1769
       Executioner's axe |       |       |       |       |       |       |       |    26 ||    26
 Cast: Pain              |    50 |    46 |    24 |    38 |    40 |    10 |    30 |     1 ||   239
       Vampiric Draining |       |    39 |    93 |    58 |    20 |     7 |       |       ||   217
       Borgnjor's Vile C |       |       |    11 |   118 |   293 |   260 |   268 |   107 ||  1057
       Dispel Undead     |       |       |       |       |       |       |     6 |       ||     6
 Abil: Heal Wounds       |     1 |       |     2 |       |       |       |       |       ||     3
Evoke: Wand              |       |       |     8 |     3 |    13 |     1 |    12 |     2 ||    39
       Lightning rod     |       |       |       |       |       |     4 |    15 |     4 ||    23
  Use: Potion            |       |       |     1 |       |       |     5 |     3 |     1 ||    10
       Scroll            |       |       |     6 |    16 |    19 |     5 |    10 |    11 ||    67
 Stab: Sleeping          |       |     3 |     1 |       |       |     2 |       |       ||     6
  Eat: Chunk             |       |     8 |    12 |    40 |    49 |    29 |    24 |     6 ||   168
       Ration            |       |       |       |     4 |     4 |     1 |       |       ||     9
Armor: Robe              |    13 |    35 |    51 |   131 |    50 |       |       |       ||   280
       Scale mail        |       |       |       |       |   384 |   263 |       |       ||   647
       Plate armour      |       |       |       |       |       |   121 |   586 |   343 ||  1050
       Skin              |       |       |       |       |       |     6 |       |       ||     6
       Ring mail         |       |       |       |       |       |       |       |     2 ||     2
Dodge: Dodged            |    53 |   128 |   239 |   300 |   406 |   208 |   179 |   104 ||  1617
Block: Shield            |       |       |       |       |    40 |   627 |   752 |   206 ||  1625
